 Dungeon Crawl Stone Soup version 0.18.1-48-g4cf74bf (webtiles) character file.

15304 Inkary the Grappler (level 12, -2/101 HPs)
             Began as a Troll Monk on July 21, 2016.
             Was an Elder of Makhleb.
             Killed from afar by a balrug (24 damage)
             ... with a bolt of fire
             ... on level 1 of the Abyss.
             The game lasted 01:23:17 (11437 turns).

Inkary the Grappler (Troll Monk)                   Turns: 11437, Time: 01:23:24

Health: -2/101     AC:  7    Str: 23    XL:     12   Next: 0%
Magic:  15/15      EV: 12    Int:  9    God:    Makhleb [****..]
Gold:   520        SH:  5    Dex: 13    Spells: 1 memorised, 5 levels left

rFire  + . .     SeeInvis .       - Unarmed
rCold  . . .     Gourm    +     (armour restricted)
rNeg   . . .     Faith    .     (no shield)
rPois  .         Spirit   .     D - +2 hat {Int+3}
rElec  .         Dismiss  .     m - +1 cloak
rCorr  .         Reflect  +     (gloves unavailable)
SustAt .         Harm     .     (boots unavailable)
MR     +....     Clarity  +     Q - +5 amulet of reflection
Stlth  +.........               l - ring of stealth
                                G - ring of protection from fire

@: liquid flames, glowing, somewhat resistant to hostile enchantments, very
unstealthy
A: unfitting armour, claws 3, hooves 1, berserk 1, clarity, clumsy 1, fast
metabolism 3, frail 1, gourmand, low mp 1, magic resistance 1, mutation
resistance 1, regeneration 2, shaggy fur 1, tough skin 2
a: Minor Destruction, Lesser Servant of Makhleb, Major Destruction, Renounce
Religion


You were on level 1 of the Abyss.
You worshipped Makhleb.
Makhleb was greatly pleased with you.
You were not hungry.

You visited 2 branches of the dungeon, and saw 14 of its levels.
You visited the Abyss 1 time.
You also visited: Ice Cave.

You collected 1115 gold pieces.
You spent 595 gold pieces at shops.

Inventory:

Armour
 m - a +1 cloak (worn)
 q - the +0 robe of Absolutism {rN+ Str+3 Dex-4}
   (You bought it in a shop on level 6 of the Dungeon)

   It affects your strength (+3).
   It affects your dexterity (-4).
   It protects you from negative energy.
 s - a +0 shield of cold resistance
 B - a +2 robe of fire resistance
 D - a +2 hat of intelligence (worn)
Jewellery
 l - a ring of stealth (right claw)
 G - a ring of protection from fire (left claw)
 Q - a +5 amulet of reflection (around neck)
Wands
 c - a wand of flame (25/48)
 p - a wand of iceblast (5/15)
 y - a wand of random effects (19/48)
 E - a wand of teleportation (3/9)
 H - a wand of heal wounds (0/9)
 I - a wand of digging (12/24)
 J - a wand of enslavement (11/24)
 K - a wand of paralysis (12/24)
 L - a wand of random effects (17/48)
 P - a wand of slowing (29/48)
 S - a wand of slowing (35/48)
 U - a wand of iceblast (7/15)
 V - a wand of polymorph (16/24)
Scrolls
 e - 2 scrolls of amnesia
 i - 4 scrolls of remove curse
 j - a scroll of noise
 k - a scroll of teleportation
 o - a scroll of random uselessness {unknown}
 r - 5 scrolls of enchant armour
 t - 2 scrolls of magic mapping
 x - 4 scrolls of enchant weapon {unknown}
 A - a scroll of fear
 C - a scroll of fog {unknown}
 M - a scroll of immolation {unknown}
 N - a scroll of recharging {unknown}
 T - a scroll of identify
Potions
 a - a potion of degeneration
 d - a potion of brilliance
 h - 4 potions of flight
 n - a potion of curing
 u - a potion of lignification
 v - a potion of cancellation
 z - a potion of cure mutation
 F - a potion of berserk rage
 O - a potion of resistance {unknown}
 W - a potion of mutation
Books
 w - a book of Callings

   Spells                             Type                      Level
   a - Summon Small Mammal            Summoning                    1
   b - Call Imp                       Summoning                    2
   c - Call Canine Familiar           Summoning                    3
   d - Summon Guardian Golem          Hexes/Summoning              3
   e - Summon Lightning Spire         Summoning/Air                4
   f - Summon Ice Beast               Ice/Summoning                4
Comestibles
 b - 13 bread rations
 f - 7 beef jerkies
 g - 10 meat rations
 R - 14 fruits


   Skills:
 - Level 5.7 Fighting
 - Level 6.0 Dodging
 - Level 1.1 Stealth
 + Level 3.4 Shields
 * Level 13.4 Unarmed Combat
 + Level 8.3 Invocations
 - Level 4.0 Evocations


You had 5 spell levels left.
You knew the following spells:

 Your Spells              Type           Power        Failure   Level  Hunger
a - Statue Form           Trmt/Erth      #........    100%        6    #######


Dungeon Overview and Level Annotations

Branches:
Dungeon (13/15)            Temple (0/1) D:5            Lair (1/8) D:9
    Orc (0/2) D:12
 Vaults: D:13-14

Altars:
Ashenzari
Cheibriados
Dithmenos
Fedhas
Kikubaaqudgha
Makhleb
Nemelex Xobeh
Ru
Vehumet
Xom
The Shining One

Shops:
D:6 ?*%[[   D:8 [

Annotations:
Lair:1 Sonja


Innate Abilities, Weirdness & Mutations

You are too large for most types of armour.
You have claws for hands.
Your metabolism is lightning-fast.
You like to eat raw meat.
You heal very quickly.
You are covered in fur (AC +1).
You have very tough skin (AC +2).
You have large cloven feet.
You tend to lose your temper in combat.
You possess an exceptional clarity of mind.
You are clumsy. (Dex -2)
You are frail (-10% HP).
Your magical capacity is low (-10% MP).
You are resistant to hostile enchantments.
You are somewhat resistant to further mutation.


Message History

The balrug gestures at you. The bolt of fire hits you! You resist.
Found a meat ration.
A demon appears!
You feel slightly more hungry. The balrug gestures at you.
The sticky flame hits you! You resist.
You are covered in liquid flames!
* * * LOW HITPOINT WARNING * * *
Your smoke demon gestures at the balrug.
The ball of steam misses the balrug.
You are covered in liquid flames!
* * * LOW HITPOINT WARNING * * *
You are covered in liquid flames!
* * * LOW HITPOINT WARNING * * *
Something barely misses your smoke demon.
Something tramples your smoke demon!
Your smoke demon is shoved backwards!
Your orange demon stings the balrug from afar!
The balrug gestures at you. The bolt of fire hits you! You resist.
You die...

#. X...##....)#... ##
..##......##.#. #. .
....#.#.....#... .# ..
#.....#.. ..3.# .#
#..#.#...3#3.#..### #
......#.#X##.# .##.. .
#...4##§3..#..... ...
.###....2§####2##.....
#......@#§.#
#..#.......
.#..###.##.#..
..####... ... #..
.#.##.. # .# .
....##.. .#. .# ..
...#.# . # 2##..
%...#.# # ##.#. ##
..##.## .. #.# ### ...
# ..# ..###...#
####..#.. #..


You could see a balrug, a thrashing horror, a friendly orange demon and a
friendly smoke demon.

Vanquished Creatures
  An unseen horror (D:12)
  Pikel (D:4)
  A hill giant (D:11)
  3 ice statues (IceCv)
  The ghost of Trampli the Ruffian, a novice MiMo (D:4)
  A spiny frog (Lair:1)
  A kobold demonologist (D:12)
  2 trolls
  A polar bear (D:11)
  A two-headed ogre (D:10)
  A wyvern (D:11)
  10 yaks
  2 wraiths (D:11)
  3 hippogriffs
  A hungry ghost (D:9)
  2 water moccasins
  2 hell hounds (D:9)
  3 sky beasts
  4 ice beasts
  4 orc warriors
  2 phantoms
  5 ogres
  2 wolves (D:11)
  2 centaurs
  8 big kobolds
  7 giant frogs
  6 scorpions
  A water moccasin skeleton (D:4)
  4 killer bees
  3 wights (D:10)
  A howler monkey (D:6)
  An electric eel (Lair:1)
  3 crimson imps
  A centaur zombie (D:5)
  A giant frog zombie (D:6)
  5 hounds
  2 quasits
  3 jellies
  Crazy Yiuf (D:4)
  5 centaur skeletons
  10 orc priests
  13 orc wizards
  6 iguanas
  9 worker ants
  A hound skeleton (D:4)
  A howler monkey zombie (D:9)
  6 gnolls (D:7)
  9 adders
  5 river rats (Lair:1)
  8 shadow imps
  4 white imps (D:11)
  An ooze (D:1)
  An adder skeleton (D:9)
  2 worms (D:3)
  A dart slug (D:2)
  5 giant geckos
  36 orcs
  7 bats
  3 bat zombies (D:7)
  8 giant cockroaches
  6 goblins
  11 hobgoblins
  17 jackals
  17 kobolds
  4 quokkas
  6 giant newts
  7 rats
  2 rat zombies (D:7)
  A butterfly (D:8)
315 creatures vanquished.

Vanquished Creatures (collateral kills)
  A hydra (D:12)
  2 skeletal warriors (D:12)
  A cyclops (D:11)
  A polar bear (D:11)
  A centaur simulacrum (D:11)
  6 yaks
  Menkaure (D:6)
  Duvessa (D:4)
  An orc warrior (D:11)
  4 ice beasts (IceCv)
  A black bear (D:12)
  A big kobold (D:12)
  A water moccasin skeleton (D:12)
  Dowan (D:4)
  5 killer bees
  A hound (D:11)
  A gnoll shaman (D:7)
  4 orc wizards
  A worker ant (D:11)
  An adder (D:12)
  7 white imps (D:11)
  4 orcs
  A hobgoblin (D:7)
  4 jackals (D:9)
  A kobold (D:12)
  A quokka (D:6)
  A ball python (D:4)
55 creatures vanquished.

Vanquished Creatures (others)
  A hound skeleton (D:4)
  A white imp (D:11)
  An ooze (D:4)
  13 bushes (D:10)
  A fungus (D:4)
17 creatures vanquished.

Grand Total: 387 creatures vanquished

Notes
Turn   | Place    | Note
--------------------------------------------------------------
     0 | D:1      | Inkary the Troll Monk began the quest for the Orb.
     0 | D:1      | Reached XP level 1. HP: 22/22 MP: 0/0
    68 | D:1      | Reached XP level 2. HP: 29/29 MP: 1/1
   961 | D:2      | Reached XP level 3. HP: 36/36 MP: 2/2
  1189 | D:2      | Found a burning altar of Makhleb.
  1189 | D:2      | Noticed an Executioner
  1197 | D:2      | Noticed a hellwing
  1197 | D:2      | Noticed an orange demon
  1199 | D:2      | Became a worshipper of Makhleb the Destroyer
  1199 | D:2      | Reached * piety under Makhleb
  1199 | D:2      | Reached ** piety under Makhleb
  1251 | D:2      | Found a glowing golden altar of the Shining One.
  1430 | D:3      | Reached XP level 4. HP: 22/45 MP: 3/3
  1821 | D:3      | Reached skill level 5 in Unarmed Combat
  1821 | D:3      | Reached XP level 5. HP: 41/53 MP: 4/4
  1829 | D:3      | Noticed a phantom
  1847 | D:3      | Killed a phantom
  1989 | D:3      | Reached skill level 1 in Invocations
  1989 | D:3      | Reached XP level 6. HP: 53/62 MP: 5/5
  2151 | D:3      | Reached *** piety under Makhleb
  2332 | D:4      | Reached skill level 6 in Unarmed Combat
  2332 | D:4      | Reached XP level 7. HP: 53/70 MP: 7/7
  2353 | D:4      | You fall through a shaft!
  2353 | D:5      | Entered Level 5 of the Dungeon
  2353 | D:5      | Found a staircase to the Ecumenical Temple.
  2480 | D:4      | Noticed Dowan
  2482 | D:4      | Noticed Duvessa
  2489 | D:4      | Killed Dowan
  2501 | D:4      | Killed Duvessa
  2596 | D:4      | Noticed Pikel
  2598 | D:4      | Found a sparkling altar of Nemelex Xobeh.
  2621 | D:4      | Killed Pikel
  2621 | D:4      | Reached skill level 7 in Unarmed Combat
  2621 | D:4      | Reached XP level 8. HP: 57/79 MP: 7/9
  2827 | D:4      | Noticed Trampli's ghost (novice MiMo)
  2840 | D:4      | Killed Trampli's ghost
  2840 | D:4      | Reached skill level 5 in Fighting
  2855 | D:4      | Noticed Crazy Yiuf
  2862 | D:4      | Killed Crazy Yiuf
  2914 | D:5      | Reached **** piety under Makhleb
  3008 | D:5      | Reached skill level 8 in Unarmed Combat
  3113 | D:5      | Found a sacrificial altar of Ru.
  3253 | D:6      | Found Loca's Assorted Antiques.
  3300 | D:6      | Noticed Menkaure
  3315 | D:6      | Reached skill level 5 in Dodging
  3337 | D:6      | Killed Menkaure
  3481 | D:6      | Found a radiant altar of Vehumet.
  3589 | D:6      | Found a snail-covered altar of Cheibriados.
  3642 | D:6      | Found Qock's Magic Scroll Shop.
  3645 | D:6      | Bought a scroll of enchant armour for 97 gold pieces
  3645 | D:6      | Bought a scroll of fear for 45 gold pieces
  3645 | D:6      | Bought a scroll of identify for 26 gold pieces
  3645 | D:6      | Bought a scroll of identify for 26 gold pieces
  3730 | D:6      | Bought a scroll labeled YMEOJ XIMUSUO for 24 gold pieces
  3730 | D:6      | Bought a scroll labeled ENIONE CUSEKIEHI for 24 gold pieces
  3852 | D:6      | Found Wietik's Armour Boutique.
  3876 | D:6      | Reached XP level 9. HP: 88/88 MP: 11/11
  3897 | D:6      | Found Vilica's Food Shop.
  3900 | D:6      | Bought a meat ration for 60 gold pieces
  3900 | D:6      | Bought a meat ration for 60 gold pieces
  4033 | D:6      | Found Sanairr's Antique Armour Shop.
  4038 | D:6      | Bought a runed robe for 16 gold pieces
  4598 | D:7      | Found an ancient bone altar of Kikubaaqudgha.
  4904 | D:7      | Reached ***** piety under Makhleb
  4928 | D:7      | Reached skill level 9 in Unarmed Combat
  5179 | D:8      | Found Ysug's Antique Armour Shop.
  5317 | D:8      | Reached skill level 5 in Invocations
  5433 | D:8      | Found a shadowy altar of Dithmenos.
  5462 | D:8      | Found a shimmering altar of Xom.
  5693 | D:8      | Reached skill level 1 in Evocations
  5761 | D:8      | Found a shattered altar of Ashenzari.
  6037 | D:9      | Reached skill level 10 in Unarmed Combat
  6053 | D:9      | Reached XP level 10. HP: 36/98 MP: 13/13
  6399 | D:9      | Found a staircase to the Lair.
  6847 | D:10     | Entered Level 10 of the Dungeon
  6940 | D:10     | Gained mutation: You are clumsy. (Dex -2) [mutagenic meat]
  6975 | D:10     | Reached skill level 11 in Unarmed Combat
  6980 | D:10     | Gained mutation: You have large cloven feet. [mutagenic meat]
  6981 | D:10     | Gained mutation: You are frail (-10% HP). [mutagenic meat]
  6982 | D:10     | Gained mutation: You possess an exceptional clarity of mind. [mutagenic meat]
  7001 | D:10     | Gained mutation: You are resistant to hostile enchantments. [mutagenic meat]
  7003 | D:10     | Gained mutation: You tend to lose your temper in combat. [mutagenic meat]
  7004 | D:10     | Gained mutation: You are somewhat resistant to further mutation. [mutagenic meat]
  7006 | D:10     | Found a blossoming altar of Fedhas.
  7844 | D:11     | Reached XP level 11. HP: 55/94 MP: 15/15
  7849 | D:11     | Found a frozen archway.
  7880 | IceCv    | Entered an ice cave
  8242 | IceCv    | Reached skill level 12 in Unarmed Combat
  8495 | IceCv    | Reached skill level 1 in Shields
  9223 | D:11     | Learned a level 6 spell: Statue Form
  9372 | D:6      | Bought a creamy pearl robe for 136 gold pieces
  9382 | D:6      | Identified the +0 robe of Absolutism {rN+ Str+3 Dex-4} (You bought it in a shop on level 6 of the Dungeon)
  9429 | D:6      | Bought a scroll of teleportation for 39 gold pieces
  9480 | D:6      | Bought a lumpy puce potion for 21 gold pieces
  9480 | D:6      | Bought a black potion for 21 gold pieces
  9792 | D:12     | Found a staircase to the Orcish Mines.
 10067 | D:12     | Killed an unseen horror
 10154 | D:12     | Noticed a skeletal warrior
 10156 | D:12     | Noticed a skeletal warrior
 10160 | D:12     | Noticed a skeletal warrior
 10168 | D:12     | Noticed a skeletal warrior
 10283 | D:12     | Killed a skeletal warrior
 10515 | D:12     | Killed a skeletal warrior
 10515 | D:12     | Reached skill level 13 in Unarmed Combat
 10648 | D:12     | Noticed a five-headed hydra
 10657 | D:12     | Killed a five-headed hydra
 10812 | D:11     | Noticed a hill giant
 10817 | D:11     | Killed a hill giant
 10935 | Lair:1   | Entered Level 1 of the Lair of Beasts
 10986 | Lair:1   | Noticed Sonja
 11234 | Lair:1   | Reached XP level 12. HP: 95/101 MP: 17/17
 11256 | Lair:1   | Cast into level 1 of the Abyss (Sonja)
 11416 | Abyss:1  | Noticed a balrug
 11427 | Abyss:1  | Gained mutation: Your magical capacity is low (-10% MP). [a neqoxec]
 11437 | Abyss:1  | Killed from afar by a balrug

Skill      XL: |  1  2  3  4  5  6  7  8  9 10 11 |
---------------+----------------------------------+-----
Fighting       | 3 4 5 |  5.7
Dodging        | 3 4 5 6 |  6.0
Unarmed Combat | 5 6 7 8 10 11 13 | 13.4
Invocations    | 1 2 3 4 5 6 8 |  8.3
Evocations     | 1 3 4 |  4.0
Shields        | 3 |  3.4
Stealth        | |  1.1

Action                   |  1- 3 |  4- 6 |  7- 9 | 10-12 || total
-------------------------+-------+-------+-------+-------++-------
Melee: Unarmed           |    85 |   119 |   356 |   419 ||   979
       Punch             |       |     2 |    16 |    26 ||    44
       Kick              |       |       |       |    83 ||    83
Invok: Lesser Servant of |       |       |     5 |    38 ||    43
       Minor Destruction |       |       |       |    12 ||    12
       Major Destruction |       |       |       |    21 ||    21
Evoke: Wand              |       |       |       |     8 ||     8
  Use: Scroll            |       |       |    14 |    11 ||    25
       Potion            |       |       |     1 |     5 ||     6
 Stab: Sleeping          |     3 |       |    10 |    13 ||    26
       Distracted        |       |       |     2 |     6 ||     8
  Eat: Chunk             |    15 |    12 |    34 |    58 ||   119
       Fruit             |       |       |       |     6 ||     6
Armor: Robe              |    29 |    28 |    87 |   108 ||   252
       Skin              |       |       |       |     5 ||     5
Dodge: Dodged            |    38 |    61 |   187 |   201 ||   487
Block: Other             |       |       |       |    51 ||    51
       Shield            |       |       |       |     9 ||     9
       Reflection        |       |       |       |     1 ||     1
